 Dungeon Crawl Stone Soup version 0.27-a0-637-g3a9f0a9c12 (webtiles) character file.

Game seed: 14519604300173653869

2 wakim the Stinger (level 1, -2/11 HPs)
             Began as an Octopode Venom Mage on Mar 14, 2021.
             Slain by a hobgoblin (3 damage)
             ... on level 1 of the Dungeon.
             The game lasted 00:00:56 (118 turns).

wakim the Stinger (Octopode Venom Mage)              Turns: 118, Time: 00:00:57

Health: -2/11      AC:  1    Str:  7    XL:     1   Next: 30%
Magic:  2/3        EV: 13    Int: 17    God:
Gold:   0          SH:  0    Dex: 12    Spells: 3/4 levels left

rFire    . . .     SeeInvis .   a - +0 short sword
rCold    . . .     Faith    .   (no shield)
rNeg     . . .     Spirit   .   (helmet restricted)
rPois    .         Reflect  .   (no amulet)
rElec    .         Harm     .   (no ring)
rCorr    .         Rampage  .   (no ring)
Will     .....                  (no ring)
Stlth    +++.......             (no ring)
HPRegen  0.03/turn              (no ring)
MPRegen  0.08/turn              (no ring)
                                (no ring)
                                (no ring)

@: very slightly contaminated
A: almost no armour, amphibious, 8 rings, camouflage 1, gelatinous body 1,
nimble swimmer 1, tentacles
a: no special abilities


You were on level 1 of the Dungeon.
You visited 1 branch of the dungeon, and saw 1 of its levels.

Inventory:

Hand Weapons
 a - a +0 short sword (weapon)
Missiles
 b - 16 poisoned darts


   Skills:
 - Level 2.0 Dodging
 + Level 2.8 Stealth
 - Level 2.0 Spellcasting
 - Level 1.0 Transmutations
 * Level 3.7 Poison Magic


You had 3 spell levels left.
You knew the following spells:

 Your Spells              Type           Power      Damage    Failure   Level
a - Sting                 Tmut/Pois      36%        1d4       8%          1

Your spell library contained the following spells:

 Spells                   Type           Power      Damage    Failure   Level
 Poisonous Vapours        Pois/Air       16%        N/A       14%         2
 Ignite Poison            Fire/Tmut/Pois 7%         N/A       30%         3
 Mephitic Cloud           Conj/Pois/Air  5%         N/A       34%         3
 Olgreb's Toxic Radiance  Pois           14%        N/A       38%         4


Dungeon Overview and Level Annotations

Branches:
Dungeon (1/15)

Altars:


Innate Abilities, Weirdness & Mutations

You cannot wear most types of armour.
You are amphibious.
You can wear up to eight rings at the same time.
Your skin changes colour to match your surroundings (Stealth+).
Your rubbery body absorbs attacks. (AC +1, EV +1)
You are stealthy while swimming. (Stealth+)
You have tentacles for arms and can constrict up to eight enemies at once.


Message History

a - a +0 short sword (weapon)
b - 16 poisoned darts A rat and a goblin come into view.
You barely miss the rat. You grab the rat. You constrict the rat.
The rat bites you.
You hit the rat.
The rat is severely wounded.
You constrict the rat.
You kill the rat!
A jackal comes into view.
You see here a rat corpse.
You start resting.
HP restored.
The sting misses the goblin.
The sting hits the goblin.
The goblin is poisoned.
The goblin is moderately wounded.
You closely miss the goblin. You grab the goblin.
The goblin is moderately wounded.
You constrict the goblin, but do no damage.
You hit the goblin.
You kill the goblin!
Magic restored.
A hobgoblin comes into view.
Found a short sword.
You can't see any susceptible monsters within range! (Use Z to cast anyway.)
Found an emerald ring.
You can't see any susceptible monsters within range! (Use Z to cast anyway.)
You miscast Sting.
You are very lightly contaminated with residual magic.
Nothing appears to happen.
Found 4 javelins.
The helpless hobgoblin fails to defend itself.
You hit the hobgoblin. Your grab misses the hobgoblin.
The hobgoblin is almost dead.
The hobgoblin hits you. x2
* * * LOW HITPOINT WARNING * * *
You closely miss the hobgoblin. Your grab misses the hobgoblin.
The hobgoblin is almost dead.
The hobgoblin hits you.
You die...

. #. .≈≈≈≈≈≈ #. #.
#.≈≈≈≈≈≈≈≈ .##.
#.≈≈≈≈≈≈≈≈ .#.#####
#..≈≈≈≈≈≈≈
......####..≈≈≈≈≈≈≈ #(
..........≈≈≈≈≈≈
#.##.###.####....≈≈≈≈≈
#...)@.............≈≈≈
#...g.##.###....##...≈
#=....##.# #.##.<#....
#.....##.# #.##.......
##...###.. ..###..####
##.# ####..# #.## #.
#..# #.# #. #..# #.#
#..###.#


You could see a hobgoblin.

Vanquished Creatures
  A goblin (D:1)
  A rat (D:1)
2 creatures vanquished.

Notes
Turn   | Place    | Note
-------+----------+-------------------------------------------
     0 | D:1      | wakim the Octopode Venom Mage began the quest for the Orb.
     0 | D:1      | Reached XP level 1. HP: 11/11 MP: 3/3
   118 | D:1      | Slain by a hobgoblin

Illustrated notes

Levels and vault maps discovered:
D:1:      dpeg_arrival_water_altar, layout_loops_ring, hangedman_feature_mirror,
          lemuel_flame_loot_1

Action                   || total
-------------------------++-------
Melee: Short sword       ||     6
       Constrict         ||     2
 Cast: Sting             ||     2
 Stab: Sleeping          ||     1
Dodge: Dodged            ||     1

Table legend: (Time is in decaauts)
 A = Elapsed time spent in this place.
 B = Non-inter-level travel time spent in this place.
 C = Inter-level travel time spent in this place.
 D = Time resting spent in this place.
 E = Time spent auto-exploring this place.
 F = Levels seen in this place.
 G = Mean time per level.
                   A        B        C        D        E       F      G
               +--------+--------+--------+--------+--------+-----+--------+
         Total |    118 |    118 |      0 |     51 |     31 |   1 |  118.0 |
       Dungeon |    118 |    118 |      0 |     51 |     31 |   1 |  118.0 |
               +--------+--------+--------+--------+--------+-----+--------+

Top non-repeatable levels by time:
     D:1: 118 daAuts
